 Dungeon Crawl Stone Soup version 0.28-a0-1389-gc726bef33b (webtiles) character file.

Game seed: 17027766093507987054

204 Clumpoid the Cudgeller (level 5, -7/45 HPs)
             Began as a Ghoul Fighter on Jan 3, 2022.
             Mangled by croobank's ghost (14 damage)
             ... on level 3 of the Dungeon.
             The game lasted 00:02:18 (3302 turns).

Clumpoid the Cudgeller (Ghoul Fighter)              Turns: 3302, Time: 00:02:19

Health: -7/45      AC:  9    Str: 20    XL:     5   Next: 82%
Magic:  4/4        EV: 10    Int:  5    God:
Gold:   61         SH:  4    Dex:  8    Spells: 4/4 levels left

rFire   . . .      SeeInvis .   a - +1 flail
rCold   + . .      Faith    .   c - +0 buckler
rNeg    + + +      Spirit   .   j - +2 ring mail {rN+}
rPois   ∞          Reflect  .   (no helmet)
rElec   .          Harm     .   b - +0 cloak
rCorr   .          Rampage  .   (no gloves)
Will    .....                   h - +0 pair of boots
Stlth   ..........              (no amulet)
HPRegen 0.00/turn               (no ring)
MPRegen 0.09/turn               (no ring)

@: mighty, inhibited regen
A: claws 1, cold resistance 1, negative energy resistance 3, inhibited
regeneration, torment resistance 2
a: no special abilities


You were on level 3 of the Dungeon.
You visited 1 branch of the dungeon, and saw 3 of its levels.

You collected 61 gold pieces.

Inventory:

Hand Weapons
 a - a +1 flail (weapon)
Armour
 b - a +0 cloak (worn)
 c - a +0 buckler (worn)
 h - a +0 pair of boots (worn)
 j - a +2 ring mail of positive energy (worn)
Scrolls
 f - 3 scrolls of identify
 i - a scroll of fog
Potions
 k - a potion of curing


   Skills:
 - Level 3.2 Fighting
 + Level 5.3 Maces & Flails
 - Level 2.6 Armour
 - Level 2.6 Shields


You had 4 spell levels left.
You didn't know any spells.
Your spell library contained the following spells:

 Spells                   Type           Power      Damage    Failure   Level
 Ozocubu's Armour         Ice            0%         N/A       97%         3
 Ozocubu's Refrigeration  Ice            0%         4d5       100%        7


Dungeon Overview and Level Annotations

Branches:
Dungeon (3/15)

Altars:
Ru
Beogh

Annotations:
D:3 croobank's ghost, amateur HOGl


Innate Abilities, Weirdness & Mutations

You thrive by killing the living.
You are immune to poison.
You have sharp fingernails.
Your flesh is cold resistant. (rC+)
You are immune to negative energy. (rN+++)
You do not regenerate when monsters are visible.
You are immune to unholy pain and torment.


Message History

You sock the orc!
You kill the orc!
Croobank's ghost whispers, "Death is liberation."
You closely miss the orc. The orc closely misses you.
You thump the orc!
You kill the orc!
You feel better.
You sock the orc!
You kill the orc!
You barely miss the orc. The orc barely misses you.
You sock the orc!
You kill the orc!
You feel better.
Items here: ))))) [[[ †††.
You barely miss the orc. The orc hits you with a +0 mace.
You miss croobank's ghost. The orc barely misses you.
Croobank's ghost hits you!
You hit croobank's ghost.
Croobank's ghost is lightly damaged.
The orc hits you with a +0 mace! Croobank's ghost closely misses you.
The orc hits you but does no damage.
You closely miss croobank's ghost.
Croobank's ghost is lightly damaged.
Croobank's ghost barely misses you. You block the orc's attack.
You closely miss croobank's ghost.
Croobank's ghost is lightly damaged.
Croobank's ghost hits you! The orc hits you but does no damage.
Items here: ))))) [[[ †††.
Okay, then.
You feel mightier all of a sudden. Croobank's ghost hits you.
You feel better. Croobank's ghost hits you.
You barely miss croobank's ghost.
Croobank's ghost is lightly damaged.
Croobank's ghost hits you!
* * * LOW HITPOINT WARNING * * *
You barely miss croobank's ghost.
Croobank's ghost is lightly damaged.
You block croobank's ghost's attack. Croobank's ghost hits you!
You die...

#####.#..####.###.....###.#..##
#.......#....#####....#.[.#
####.####.............#...# #.#
#######'''######.#.# #.#
#8.............8##.# # #.#
#...............##.## ## #.#
#####o#..###.##.#...## .## #.#
#W#.###...#.).....
#.######.#######@#.##.....##...##
##...............#............##
#.######.############.....#####
.## #.......#######...## ##
#######..........## #
############


You could see croobank's ghost and an orc.

Vanquished Creatures
  A jelly (D:3)
  Natasha (thrice) (D:2)
  4 adders
  A worm (D:2)
  5 orcs (D:3)
  A bat (D:1)
  6 endoplasms
  2 giant cockroaches (D:1)
  6 goblins
  5 hobgoblins
  5 kobolds
  2 quokkas
  4 ball pythons
  2 frilled lizards (D:1)
  6 rats
53 creatures vanquished.

Notes
Turn   | Place    | Note
-------+----------+-------------------------------------------
     0 | D:1      | Clumpoid the Ghoul Fighter began the quest for the Orb.
     0 | D:1      | Reached XP level 1. HP: 19/19 MP: 0/0
   125 | D:1      | Reached skill level 2 in Maces & Flails
   321 | D:1      | Found a faded altar of an unknown god.
   350 | D:1      | Reached XP level 2. HP: 26/26 MP: 1/1
   987 | D:2      | Reached skill level 3 in Maces & Flails
  1085 | D:2      | Reached XP level 3. HP: 8/31 MP: 2/2
  1426 | D:2      | Noticed Natasha
  1441 | D:2      | Killed Natasha
  1510 | D:2      | Noticed Natasha
  1522 | D:2      | Killed Natasha
  1523 | D:2      | Reached skill level 4 in Maces & Flails
  1523 | D:2      | Reached XP level 4. HP: 20/38 MP: 3/3
  1722 | D:2      | Noticed Natasha
  1727 | D:2      | Killed Natasha
  2104 | D:2      | Reached XP level 5. HP: 45/45 MP: 4/4
  2378 | D:3      | Found a runed translucent gate.
  2379 | D:3      | Found a runed translucent gate.
  2379 | D:3      | Found a runed translucent gate.
  2381 | D:3      | Noticed croobank's ghost (amateur HOGl)
  2381 | D:3      | Identified the +11 dagger of Kemyucw {vorpal, rF+ Will+
                  | Str+2 Int+4}
  2551 | D:3      | Reached skill level 5 in Maces & Flails
  2663 | D:3      | Found a sacrificial altar of Ru.
  3302 | D:3      | Mangled by croobank's ghost

Illustrated notes

Levels and vault maps discovered:
D:1:      dpeg_arrival_three_same_balls, layout_basic,
          hellmonk_ecumenical_altar_leap_of_faith, st_stairs_7
D:2:      layout_basic, st_stairs_13, uniq_natasha
D:3:      layout_loops_ring, mainiacjoe_overflow_surrounded_room,
          biasface_ghost_orc_armoury, minmay_misc_feat_iff

Skill      XL: |  1  2  3  4  5 |
---------------+----------------+-----
Maces & Flails | 2 3 4 5 |  5.3
Fighting       | |  3.2
Armour         | |  2.6
Shields        | |  2.6

Action                   |  1- 3 |  4- 6 || total
-------------------------+-------+-------++-------
Melee: Flail             |   113 |   119 ||   232
  Use: Scroll            |     9 |     1 ||    10
       Potion            |     2 |     3 ||     5
Armor: Scale mail        |    36 |       ||    36
       Ring mail         |     6 |    45 ||    51
Dodge: Dodged            |    50 |    58 ||   108
Block: Buckler           |    19 |    21 ||    40

Table legend: (Time is in decaauts)
 A = Elapsed time spent in this place.
 B = Non-inter-level travel time spent in this place.
 C = Inter-level travel time spent in this place.
 D = Time resting spent in this place.
 E = Time spent auto-exploring this place.
 F = Levels seen in this place.
 G = Mean time per level.
                   A        B        C        D        E       F      G
               +--------+--------+--------+--------+--------+-----+--------+
         Total |   3376 |   3291 |     85 |    567 |   2164 |   3 | 1125.3 |
       Dungeon |   3376 |   3291 |     85 |    567 |   2164 |   3 | 1125.3 |
               +--------+--------+--------+--------+--------+-----+--------+

Top non-repeatable levels by time:
     D:2: 1537 daAuts
     D:3: 977 daAuts
     D:1: 862 daAuts
